 Dungeon Crawl Stone Soup version 0.17.0-28-g6e173f8 (webtiles) character file.

38047 R18 the Thaumaturge (level 13, -4/86 HPs)
             Began as a Yellow Draconian Earth Elementalist on Nov 30, 2015.
             Was an Elder of Ashenzari.
             Slain by a five-headed hydra (15 damage)
             ... on level 6 of the Lair of Beasts.
             The game lasted 00:53:35 (17384 turns).

R18 the Thaumaturge (DrEE)                         Turns: 17384, Time: 00:53:36

Health: -4/86      AC:  9    Str: 12    XL:     13   Next: 61%
Magic:  23/55      EV: 13    Int: 19    God:    Ashenzari [****..]
Gold:   702        SH:  0    Dex: 12    Spells: 7 memorised, 18 levels left

rFire  . . .     SeeInvis +     b - staff of power
rCold  . . .     Clarity  +     (armour unavailable)
rNeg   . . .     SustAt   .     (no shield)
rPois  +         Gourm    .     (helmet restricted)
rElec  .         Spirit   .     F - +0 cloak {rPois} (curse)
rCorr  +         Warding  .     (no gloves)
rMut   .         Stasis   .     (no boots)
MR     .....                    (no amulet)
Stlth  ++........               V - ring of wizardry (curse)
                                k - ring of magical power (curse)

@: not resistant to hostile enchantments, unstealthy
A: spit acid, acid resistance, unfitting armour, cold-blooded, AC +8
a: Spit Acid, Scrying, Renounce Religion


You were on level 6 of the Lair of Beasts.
You worshipped Ashenzari.
Ashenzari was greatly pleased with you.
You were not hungry.

You visited 3 branches of the dungeon, and saw 17 of its levels.

You collected 702 gold pieces.

Inventory:

Hand Weapons
 r - a +0 blowgun
 E - a +0 war axe of freezing
 W - a +0 dagger of draining
Missiles
 a - 5 stones (quivered)
 u - 6 throwing nets
 S - 5 curare-tipped needles
Armour
 F - a cursed +0 cloak of poison resistance (worn)
Magical Staves
 b - an uncursed staff of power (weapon)
Rods
 f - a +0 rod of ignition (14/14)
   (You found it on level 2 of the Lair of Beasts)
Jewellery
 k - a cursed ring of magical power (left hand)
 x - an uncursed amulet of guardian spirit
 V - a cursed ring of wizardry (right hand)
Wands
 q - a wand of random effects (21)
 z - a wand of cold (8)
 Q - a wand of disintegration (12)
Scrolls
 d - a scroll of recharging
 g - a scroll of enchant weapon
 j - a scroll of remove curse
 o - 2 scrolls of amnesia
 A - a scroll of curse armour
 D - 3 scrolls of teleportation
 H - 3 scrolls of magic mapping
 P - 5 scrolls of identify
 U - a scroll of curse weapon
Potions
 h - 3 potions of invisibility
 i - a potion of ambrosia {unknown}
 m - 7 potions of curing
 n - a potion of resistance
 p - 2 potions of might
 C - 2 potions of berserk rage
 G - 2 potions of flight
 I - a potion of brilliance
 L - a potion of haste
Books
 e - an Akashic Record

   Spells                             Type                      Level
   a - Dispersal                      Translocation                6
   b - Malign Gateway                 Summoning/Translocation      7
   c - Disjunction                    Translocation                8
   d - Controlled Blink               Translocation                8
Comestibles
 c - 12 bread rations
 l - a beef jerky
 s - 4 chunks of flesh
 B - 3 meat rations


   Skills:
 - Level 6.0 Staves
 + Level 2.8 Dodging
 - Level 1.7 Stealth
 + Level 14.3 Spellcasting
 + Level 8.3(10.6) Conjurations
 - Level 1.0(2.3) Transmutations
 - Level 14.0(15.9) Earth Magic


You had 18 spell levels left.
You knew the following spells:

 Your Spells              Type           Power        Failure   Level  Hunger
a - Sandblast             Erth           ######       0%          1    None
b - Stone Arrow           Conj/Erth      ######       1%          3    None
c - Lee's Rapid Deconstr  Erth           ######....   1%          5    ####...
d - Petrify               Trmt/Erth      #####...     1%          4    None
e - Passwall              Trmt/Erth      #####.....   1%          3    None
f - Leda's Liquefaction   Hex/Erth       #####.....   1%          4    None
g - Swiftness             Chrm/Air       ##......     4%          2    None


Dungeon Overview and Level Annotations

Branches:
Dungeon (10/15)            Temple (1/1) D:5            Lair (6/8) D:10
 Shoals (0/4) Lair:3        Snake (0/4) Lair:5
  Slime: Lair:6-8       Orc: D:9-12

Altars:
Ashenzari
Cheibriados
Dithmenos
Elyvilon
Fedhas
Gozag
Kikubaaqudgha
Makhleb
Nemelex Xobeh
Okawaru
Qazlal
Ru
Sif Muna
Trog
Vehumet
Xom
Yredelemnul
Zin
The Shining One


Innate Abilities, Weirdness & Mutations

You can spit globs of acid.
You are resistant to acid.
Your golden yellow scales are hard (AC +8).
Your body does not fit into most forms of armour.
You are cold-blooded and may be slowed by cold attacks.


Message History

You don't know that spell.
Read which item? (? for menu, Esc to quit)
As you read the scroll of fear, it crumbles to dust.
You assume a fearsome visage.
The five-headed hydra resists with some effort.
The five-headed hydra bites you but does no damage.
The five-headed hydra bites you.
* * * LOW HITPOINT WARNING * * *
The five-headed hydra closely misses you.
The five-headed hydra barely misses you.
The five-headed hydra bites you but does no damage.
Drink which item? (? for menu, Esc to quit)
You feel much better. The five-headed hydra bites you.
* * * LOW HITPOINT WARNING * * *
The five-headed hydra misses you.
The five-headed hydra closely misses you.
The five-headed hydra bites you!
* * * LOW HITPOINT WARNING * * *
The five-headed hydra bites you!
You die...

, ,,,, , ,, , #* , * * * *
, ,,,, .# * , #..##..# ,
.# * , , , , #...#P...
,..##* ,, , ,*
#.......##,*#...### , , ,
#........*##..!....,, ..
#.......###........,,
...## ##...#..#.#D.......
,, ,
....###....#....@##......,
,
...P##.#†..#...###.......
, *
....#*#..................,
,
#...###....#..{.P........
≈
.................PP..##..,
≈ ................##...#
..,
......##.PP.......#..#* ≈
#..P#.##PPP....!##.... ,,
≈ ≈ #...###PP.P....## * .#
, , ≈


You could see a five-headed hydra.

Vanquished Creatures
  Snorg (D:10)
  2 hydras
  The ghost of Clownie the Severer, a journeyman HOFi of Beogh (Lair:2)
  Sonja (Lair:1)
  An unseen horror (D:10)
  A hill giant (D:10)
  A griffon (Lair:3)
  16 elephants
  A black mamba (Lair:4)
  5 spiny frogs
  12 komodo dragons
  A torpor snail (Lair:3)
  2 fire drakes
  A troll (D:9)
  3 polar bears
  2 merfolk (Lair:3)
  Grinder (D:5)
  Prince Ribbit (D:7)
  29 blink frogs
  23 yaks
  A spriggan (Lair:5)
  4 wyverns
  8 hippogriffs
  2 hungry ghosts
  Menkaure (D:7)
  3 wolves (Lair:5)
  11 porcupines
  4 nagas (Lair:5)
  8 water moccasins
  An ice beast (D:6)
  3 orc warriors
  2 black bears
  2 sky beasts
  8 ogres
  A necrophage (D:8)
  7 centaurs
  2 phantoms
  6 crocodiles
  12 giant frogs
  A water moccasin zombie (D:5)
  16 killer bees
  6 scorpions
  7 crimson imps
  4 wights (D:8)
  2 jellies (D:9)
  2 centaur skeletons
  3 giant frog skeletons
  17 iguanas
  3 hounds
  An orc priest (D:7)
  8 orc wizards
  12 worker ants
  13 sheep
  3 hound skeletons
  11 adders
  3 gnolls (D:3)
  20 river rats
  3 shadow imps
  An ooze (D:3)
  10 worms
  6 giant geckos
  25 orcs
  7 giant cockroaches
  4 hobgoblins
  4 jackals
  10 kobolds
  A quokka (D:10)
  3 ball pythons
  8 bats
  A giant gecko skeleton (D:5)
  8 giant newts
  6 goblins
  10 rats
  3 fungi
433 creatures vanquished.

Vanquished Creatures (others)
  17 fungi
  9 plants
26 creatures vanquished.

Grand Total: 459 creatures vanquished

Notes
Turn   | Place    | Note
--------------------------------------------------------------
     0 | D:1      | R18 the Draconian Earth Elementalist began the quest for the Orb.
     0 | D:1      | Reached XP level 1. HP: 14/14 MP: 3/3
   297 | D:1      | Reached XP level 2. HP: 15/20 MP: 1/5
  1021 | D:2      | Reached XP level 3. HP: 26/26 MP: 0/6
  1072 | D:2      | Learned a level 3 spell: Stone Arrow
  1137 | D:2      | Reached skill level 4 in Earth Magic
  1697 | D:3      | Found a white marble altar of Elyvilon.
  1713 | D:3      | Reached XP level 4. HP: 33/33 MP: 7/7
  1726 | D:3      | Found a snail-covered altar of Cheibriados.
  1747 | D:3      | Found a sacrificial altar of Ru.
  1747 | D:3      | Found an iron altar of Okawaru.
  1854 | D:3      | Reached skill level 5 in Earth Magic
  1900 | D:3      | Found a blossoming altar of Fedhas.
  1903 | D:3      | Found a stormy altar of Qazlal.
  2151 | D:3      | Reached XP level 5. HP: 33/38 MP: 9/9
  2654 | D:4      | Noticed an ogre
  2659 | D:4      | Killed an ogre
  2659 | D:4      | Reached skill level 6 in Earth Magic
  2659 | D:4      | Reached XP level 6. HP: 45/45 MP: 11/11
  2908 | D:5      | Entered Level 5 of the Dungeon
  3037 | D:5      | Found a staircase to the Ecumenical Temple.
  3077 | D:5      | Reached skill level 7 in Earth Magic
  3077 | D:5      | Your scales start taking on a golden yellow colour.
  3077 | D:5      | Reached XP level 7. HP: 48/50 MP: 10/13
  3262 | D:5      | Noticed Grinder
  3265 | D:5      | Paralysed by Grinder for 5 turns
  3272 | D:5      | Killed Grinder
  3272 | D:5      | Reached skill level 8 in Earth Magic
  3460 | D:5      | Reached skill level 1 in Conjurations
  3487 | D:5      | Reached XP level 8. HP: 29/57 MP: 14/15
  3490 | D:5      | Reached skill level 5 in Spellcasting
  3742 | Temple   | Entered the Ecumenical Temple
  3809 | Temple   | Became a worshipper of Ashenzari the Shackled
  4641 | D:6      | Reached skill level 9 in Earth Magic
  4680 | D:6      | Learned a level 5 spell: Lee's Rapid Deconstruction
  4685 | D:6      | Learned a level 4 spell: Petrify
  4689 | D:6      | Learned a level 3 spell: Passwall
  5297 | D:7      | Reached XP level 9. HP: 62/62 MP: 18/18
  5545 | D:7      | Reached skill level 10 in Earth Magic
  5753 | D:7      | Noticed Prince Ribbit
  5763 | D:7      | Killed Prince Ribbit
  5766 | D:7      | Noticed Menkaure
  6257 | D:7      | Killed Menkaure
  6659 | D:8      | Reached skill level 11 in Earth Magic
  6694 | D:8      | Reached * piety under Ashenzari
  7362 | D:8      | Reached XP level 10. HP: 69/69 MP: 22/22
  8254 | D:10     | Entered Level 10 of the Dungeon
  8293 | D:10     | Noticed a hill giant
  8297 | D:10     | Killed a hill giant
  8297 | D:10     | Reached skill level 10 in Spellcasting
  8297 | D:10     | Reached skill level 12 in Earth Magic
  8313 | D:10     | Learned a level 4 spell: Leda's Liquefaction
  8401 | D:10     | Noticed Snorg
  8413 | D:10     | Killed Snorg
  8616 | D:10     | Reached XP level 11. HP: 65/74 MP: 16/25
  8965 | D:10     | Identified the Handbook of Summoning
  8978 | D:10     | Found an opulent altar of Gozag.
  9064 | D:10     | Killed an unseen horror
  9224 | D:10     | Found a staircase to the Lair.
  9379 | Lair:1   | Entered Level 1 of the Lair of Beasts
  9379 | Lair:1   | Reached ** piety under Ashenzari
  9826 | Lair:1   | Noticed Sonja
  9863 | Lair:1   | Reached skill level 1 in Staves
  9877 | Lair:1   | Killed Sonja
 10041 | Lair:1   | Reached skill level 13 in Earth Magic
 10217 | Lair:1   | Identified Azuk's Collected Works on Talismans (You found it on level 1 of the Lair of Beasts)
 10222 | Lair:1   | Learned a level 2 spell: Swiftness
 10896 | Lair:2   | Identified a +0 rod of ignition (14/14) (You found it on level 2 of the Lair of Beasts)
 11034 | Lair:2   | Noticed Clownie's ghost (journeyman HOFi)
 11101 | Lair:2   | Killed Clownie's ghost
 11101 | Lair:2   | Reached XP level 12. HP: 52/81 MP: 23/28
 11376 | Lair:2   | Reached *** piety under Ashenzari
 11629 | Lair:3   | Found a staircase to the Shoals.
 12342 | Lair:3   | Noticed a five-headed hydra
 12351 | Lair:3   | Killed a five-headed hydra
 12351 | Lair:3   | Reached skill level 5 in Staves
 13338 | Lair:3   | Reached skill level 14 in Earth Magic
 13654 | Lair:4   | Reached **** piety under Ashenzari
 13886 | Lair:4   | Reached XP level 13. HP: 53/86 MP: 30/30
 14496 | Lair:4   | Reached skill level 5 in Conjurations
 15654 | Lair:5   | Found a staircase to the Snake Pit.
 17384 | Lair:6   | Slain by a five-headed hydra

Action                   |  1- 3 |  4- 6 |  7- 9 | 10-12 | 13-15 || total
-------------------------+-------+-------+-------+-------+-------++-------
Melee: Unarmed           |    38 |       |       |       |       ||    38
       Dagger            |    26 |       |       |       |       ||    26
       Club              |    10 |       |       |       |       ||    10
       Mace              |     6 |    36 |       |       |       ||    42
       War axe           |       |     4 |       |       |       ||     4
       Staff             |       |       |     2 |    24 |     9 ||    35
 Cast: Sandblast         |    67 |    59 |    64 |   128 |    30 ||   348
       Stone Arrow       |       |     6 |   110 |   254 |   177 ||   547
       Lee's Rapid Decon |       |       |    11 |    38 |    15 ||    64
       Petrify           |       |       |     6 |    17 |     4 ||    27
       Leda's Liquefacti |       |       |       |     3 |       ||     3
 Abil: Spit Acid         |       |       |     2 |     1 |       ||     3
Evoke: Wand              |       |       |       |     7 |       ||     7
       Rod               |       |       |       |     2 |       ||     2
  Use: Scroll            |    10 |     4 |     5 |    15 |     2 ||    36
       Potion            |       |       |     1 |     3 |     2 ||     6
 Stab: Sleeping          |     5 |     1 |       |       |       ||     6
  Eat: Chunk             |     3 |     5 |    17 |    24 |    11 ||    60
       Bread ration      |       |       |     1 |       |       ||     1
       Fruit             |       |       |     1 |       |       ||     1
       Pizza             |       |       |     1 |       |       ||     1
       Beef jerky        |       |       |       |     2 |     1 ||     3
       Royal jelly       |       |       |       |     1 |       ||     1
